 Dungeon Crawl Stone Soup version 0.13.0-15-g9204fa6 (webtiles) character file.

479 Malachi the Grave Robber (level 6, -11/49 HPs)
             Began as a Deep Dwarf Necromancer on Oct 20, 2013.
             Mangled by a gnoll
             ... wielding a +0,+0 halberd
              (14 damage)
             ... on Level 3 of the Dungeon.
             The game lasted 00:10:30 (3696 turns).

Malachi the Grave Robber (Deep Dwarf Necromancer)   Turns: 3696, Time: 00:10:31

HP -11/49        AC  3     Str 12      XL: 6   Next: 46%
MP   1/13        EV  6     Int 17      God:
Gold 99          SH  0     Dex 13      Spells:  3 memorised,  4 levels left

Res.Fire  : . . .   See Invis. : .   l - +1,+2 spear (venom)
Res.Cold  : . . .   Warding    : .   g - +0 elf leather armour
Life Prot.: . . .   Conserve   : .   (no shield)
Res.Poison: .       Res.Corr.  : .   (no helmet)
Res.Elec. : .       Clarity    : .   (no cloak)
Sust.Abil.: . .     Spirit.Shd : .   (no gloves)
Res.Mut.  : .       Stasis     : .   (no boots)
Res.Rott. : .       Flight     : .   (no amulet)
Saprovore : . . .                    (no ring)
                                     (no ring)

@: non-regenerating, held, somewhat resistant to hostile enchantments, fairly
stealthy
A: damage resistance, recharge devices, sense surroundings 1, slow healing 3
a: Device Recharging


You were on level 3 of the Dungeon.
You were very hungry.

You visited 1 branch of the dungeon, and saw 4 of its levels.

You collected 79 gold pieces.

Inventory:

Hand weapons
 e - a +2,+0 dagger (quivered)
 f - a -1,+0 orcish club
 j - a +2,+0 orcish mace of holy wrath
 l - a +1,+2 spear of venom (weapon)
Missiles
 w - 3 throwing nets
Armour
 a - a +0 robe
 g - a +0 elven leather armour (worn)
Magical devices
 c - a wand of heal wounds (2)
Comestibles
 d - a bread ration
 r - a rotting chunk of gnoll flesh
 u - a royal jelly
 v - a chunk of gnoll flesh
 z - 2 chunks of jackal flesh
Scrolls
 h - 2 scrolls of random uselessness
 n - a scroll of teleportation
 o - a scroll of identify {unknown}
 q - a scroll of remove curse {unknown}
 t - a scroll of enchant weapon I
Potions
 i - 2 potions of degeneration {unknown}
 k - a potion of magic {unknown}
 m - 4 potions of curing {unknown}
 p - a potion of heal wounds {unknown}
 s - a potion of confusion {unknown}
 x - a potion of agility {unknown}
Books
 b - a book of Necromancy

   Spells                             Type                      Level
   *Pain                              Necromancy                   1
   Animate Skeleton                   Necromancy                   1
   Lethal Infusion                    Charms/Necromancy            2
   *Vampiric Draining                 Necromancy                   3
   Regeneration                       Charms/Necromancy            3
   *Animate Dead                      Necromancy                   4
   Control Undead                     Necromancy                   4


   Skills:
 - Level 0.2 Maces & Flails
 - Level 2.1 Dodging
 - Level 2.4 Stealth
 * Level 3.7 Spellcasting
 * Level 7.0 Necromancy


You had 4 spell levels left.
You knew the following spells:

 Your Spells              Type           Power        Failure   Level  Hunger
a - Pain                  Necr           ####         1%          1    None
b - Vampiric Draining     Necr           ####......   3%          3    ###....
c - Animate Dead          Necr           N/A          12%         4    ####...


Dungeon Overview and Level Annotations

Branches:
Dungeon (4/27)
 Temple: D:4-7

Altars:
Cheibriados


Innate Abilities, Weirdness & Mutations

You are resistant to damage.
You can recharge devices by infusing magical energy.
You passively map a small area around you.
You do not heal naturally.


Message History

Casting: Vampiric Draining
Confirm with . or Enter, or press ? or * to list all spells.
You call on the dead to rise...
The dead are walking!
You are feeling very hungry.
The gnoll hits you but does no damage. The gnoll hits you with a flail!
The gnoll closely misses you. The gnoll barely misses you.
The gnoll shouts!
The gnoll splashes around in the water.
The gnoll hits you with a flail.
The gnoll throws a spear.
The spear hits you!
The gnoll hits you from afar with a halberd!
* * * LOW HITPOINT WARNING * * *
The gnoll barely misses you.
Things that are here:
a spear; a club The gnoll throws a throwing net.
The throwing net hits you!
You become entangled in the net!
You see here a throwing net.
You struggle against the net.
The gnoll hits you from afar with a halberd!
You die...

#..........######.#.# , ,*
#.(....)....))....#.# **
#..........######%#.#
#..........# #>#.# #........_.#
#%#.# #..........# #.#.#
############ #(#.#
####################.#.#######*
*
..........)....g@.).g.........
..............g...).).......P.
*
≈≈≈≈≈≈≈...)≈z≈g≈≈≈≈≈≈≈≈≈≈≈≈≈≈≈*
≈≈≈≈≈≈)...g≈≈≈≈≈≈≈≈≈≈≈≈≈≈≈≈≈≈
≈≈≈≈≈≈≈....≈≈≈≈≈≈≈≈≈≈≈≈#####≈≈
.......................#,..#
#######''''############# ,. ≈ *
. , #....#)....(.# ,
.....#...(#...).).#,


You could see 5 gnolls and a friendly jackal zombie.

Vanquished Creatures
  A gnoll shaman (D:4)
  6 adders
  21 gnolls (D:3)
  2 giant geckos (D:3)
  11 orcs (D:3)
  2 bats
  7 goblins
  6 hobgoblins
  22 jackals
  9 kobolds
  2 oozes
  A quokka (D:2)
  3 giant cockroaches
  4 rats
97 creatures vanquished.

Vanquished Creatures (others)
  3 gnoll skeletons (D:3)
  2 gnoll zombies (D:3)
5 creatures vanquished.

Grand Total: 102 creatures vanquished

Notes
Turn   | Place    | Note
--------------------------------------------------------------
     0 | D:1      | Malachi, the Deep Dwarf Necromancer, began the quest for the Orb.
     0 | D:1      | Reached XP level 1. HP: 15/15 MP: 3/3
   377 | D:1      | Reached XP level 2. HP: 22/22 MP: 1/4
   479 | D:1      | Reached skill level 5 in Necromancy
  1003 | D:2      | HP: 1/22 [adder (2)]
  1008 | D:2      | Reached XP level 3. HP: 11/28 MP: 1/5
  1055 | D:2      | Learned a level 3 spell: Vampiric Draining
  1928 | D:2      | Reached XP level 4. HP: 18/36 MP: 4/7
  2280 | D:3      | Found a snail-covered altar of Cheibriados.
  2315 | D:3      | Reached skill level 6 in Necromancy
  2519 | D:3      | Reached XP level 5. HP: 12/42 MP: 2/10
  3155 | D:3      | Reached XP level 6. HP: 7/49 MP: 0/12
  3155 | D:3      | HP: 2/49 [gnoll/spear (5)]
  3161 | D:3      | HP: 1/49 [gnoll/ club (1)]
  3579 | D:3      | Reached skill level 7 in Necromancy
  3603 | D:3      | Learned a level 4 spell: Animate Dead
  3663 | D:3      | Noticed an ogre
  3696 | D:3      | Mangled by a gnoll

Action                   |  1- 3 |  4- 6 || total
-------------------------+-------+-------++-------
Melee: Club              |    43 |       ||    43
       Spear             |     8 |   124 ||   132
 Cast: Pain              |    48 |    25 ||    73
       Vampiric Draining |     2 |    47 ||    49
       Animate Dead      |       |     2 ||     2
Evoke: Wand              |     1 |     4 ||     5
  Use: Scroll            |     4 |     5 ||     9
 Stab: Sleeping          |     1 |       ||     1
